 Dungeon Crawl Stone Soup version 0.24.1-11-gbbbb2193e6 (webtiles) character file.

Game seed: 10822792009058412217, levelgen mode: deterministic

445 Hawkwind the Poker (level 6, 0/76 HPs)
             Began as a Demigod Fighter on May 12, 2020.
             Slain by Menkaure (8 damage)
             ... in an ossuary.
             The game lasted 00:21:35 (3210 turns).

Hawkwind the Poker (Demigod Fighter)                Turns: 3210, Time: 00:21:36

Health: 0/76       AC:  7    Str: 31    XL:     6   Next: 44%
Magic:  8/8        EV: 14    Int: 12    God:
Gold:   163        SH: 11    Dex: 20    Spells: 5/5 levels left

rFire    . . .     SeeInvis .   a - +0 trident
rCold    . . .     Gourm    .   c - +0 shield
rNeg     . . .     Faith    .   b - +0 scale mail
rPois    .         Spirit   .   (no helmet)
rElec    .         Reflect  .   (no cloak)
rCorr    .         Harm     .   (no gloves)
MR       .....                  (no boots)
Stlth    ..........             (no amulet)
HPRegen  0.22/turn              l - +3 ring of strength
MPRegen  0.11/turn              (no ring)

@: agile, berserking, marked, very quick
A: high mp 1
a: no special abilities


You were in an ossuary.
You were not hungry.

You visited 1 branch of the dungeon, and saw 4 of its levels.
You also visited: Ossuary.

You collected 163 gold pieces.

Inventory:

Hand Weapons
 a - a +0 trident (weapon)
 o - a +0 dagger of venom
Armour
 b - a +0 scale mail (worn)
 c - a +0 shield (worn)
Jewellery
 l - a +3 ring of strength (left hand)
Scrolls
 g - a scroll of fear
 i - a scroll of identify {unknown}
 j - 2 scrolls of magic mapping
 k - a scroll of teleportation {unknown}
 m - a scroll of remove curse
 n - 2 scrolls of amnesia
 q - a scroll of enchant armour {unknown}
 t - a scroll of random uselessness {unknown}
Potions
 d - a potion of might
 e - a potion of invisibility {unknown}
 h - a potion of ambrosia {unknown}
 p - a potion of curing {unknown}
 r - a potion of resistance {unknown}
 s - a potion of agility
 v - a potion of berserk rage
Comestibles
 f - 6 rations


   Skills:
 + Level 3.3 Fighting
 + Level 4.1 Polearms
 + Level 3.7 Armour
 * Level 2.3 Dodging
 + Level 4.0 Shields


You had 5 spell levels left.
You didn't know any spells.
Your spell library contained the following spells:

 Spells                   Type           Power        Failure   Level  Hunger
 Animate Skeleton         Necr           N/A          95%         1    ##.....
 Apportation              Tloc           #.....       95%         1    ##.....
 Confusing Touch          Hex            #.....       95%         1    ##.....
 Summon Small Mammal      Summ           #...         95%         1    ##.....


Dungeon Overview and Level Annotations

Branches:
Dungeon (4/15)            Ossuary (1/1)
 Temple: D:4-7

Annotations:
D:4 Sigmund Ossuary Menkaure


Innate Abilities, Weirdness & Mutations

You have an increased reservoir of magic. (+10% MP)


Message History

A red film seems to cover your vision as you go berserk!
You feel yourself moving faster!
You feel mighty! You block the mummy's attack.
You puncture the mummy!
You destroy the mummy!
You barely miss the mummy.
The mummy is lightly damaged.
You puncture the mummy!
The mummy is severely damaged.
You puncture the mummy!
You destroy the mummy!
Your Shields skill increases to level 4!
Menkaure casts a spell at you.
You struggle to resist.
You block Menkaure's attack.
You hit Menkaure.
Menkaure is moderately damaged.
You puncture Menkaure!
Menkaure is severely damaged.
Menkaure hits you!
You die...

#..##.^##..####..##..##..##
..##^.##..##??##.^##.^##..##
.##^^##..##?!!.##.^##..##..##
##^.##..##,.!M.?##..##..##..##
#..##..##,,?∩∩!M.##..##.^##..##
..##.^##,,,.??.Z.M##..##..##..##
.##.^##,,,,.?Z^.^Z^##..##..##..##
##.^##############Z'##.^##.^##..#
#.^.............@MZ..##.^##^.##..
########################..##.^##.
.................^.......^.##..##
##############################..#
................^.....^..........
#################################


You could see Menkaure, a hobgoblin skeleton and a kobold skeleton.

Vanquished Creatures
  An ogre (D:3)
  An orc priest (D:3)
  A centaur skeleton (D:4)
  3 worker ants
  2 mummies (Ossuary)
  A gnoll (D:1)
  7 adders
  A worm (D:3)
  6 dart slugs
  4 leopard geckos
  5 orcs (D:3)
  6 giant cockroaches
  5 gnoll zombies (Ossuary)
  11 goblins
  7 hobgoblins
  4 jackals (D:3)
  4 kobolds
  2 quokkas
  A ball python (D:1)
  8 bats
  5 frilled lizards
  2 gnoll skeletons (Ossuary)
  6 goblin skeletons (Ossuary)
  A goblin zombie (Ossuary)
  8 hobgoblin skeletons (Ossuary)
  6 hobgoblin zombies (Ossuary)
  4 kobold skeletons (Ossuary)
  6 kobold zombies (Ossuary)
  2 orc zombies (Ossuary)
  2 quokka zombies (D:4)
  8 rats
  3 rat skeletons (Ossuary)
  3 rat zombies (Ossuary)
136 creatures vanquished.

Vanquished Creatures (others)
  5 dream sheep (D:3)
  A goblin zombie (Ossuary)
  An orc zombie (Ossuary)
7 creatures vanquished.

Grand Total: 143 creatures vanquished

Notes
Turn   | Place    | Note
-------+----------+-------------------------------------------
     0 | D:1      | Hawkwind the Demigod Fighter began the quest for the Orb.
     0 | D:1      | Reached XP level 1. HP: 18/18 MP: 3/3
   146 | D:1      | Reached XP level 2. HP: 22/25 MP: 4/4
   358 | D:1      | Reached XP level 3. HP: 15/30 MP: 5/5
  1289 | D:2      | Reached XP level 4. HP: 38/38 MP: 6/6
  1535 | D:2      | Reached skill level 1 in Dodging
  1624 | D:3      | Found a faded altar of an unknown god.
  1689 | D:3      | Noticed an ogre
  2203 | D:3      | Reached XP level 5. HP: 45/45 MP: 7/7
  2378 | D:3      | Noticed a dream sheep
  2378 | D:3      | Noticed a dream sheep
  2378 | D:3      | Noticed a dream sheep
  2378 | D:3      | Noticed a dream sheep
  2378 | D:3      | Noticed a dream sheep
  2378 | D:3      | Found a shimmering altar of Xom.
  2384 | D:3      | Killed a dream sheep
  2384 | D:3      | Killed a dream sheep
  2384 | D:3      | Killed a dream sheep
  2384 | D:3      | Killed a dream sheep
  2386 | D:3      | Killed a dream sheep
  2422 | D:3      | Killed an ogre
  2593 | D:4      | Noticed Sigmund
  2639 | D:4      | Noticed a phantom
  2677 | D:4      | Reached XP level 6. HP: 39/51 MP: 8/8
  2863 | D:4      | Found a sand-covered staircase.
  2879 | Ossuary  | Entered an ossuary
  3184 | Ossuary  | Noticed Menkaure
  3210 | Ossuary  | Slain by Menkaure

Levels and vault maps discovered:
D:1:      mrwooster_arrival_statue, layout_basic
D:2:      layout_basic
D:3:      layout_loops_ring, chequers_ecumenical_altar_island,
          kb_xom_exploding_sheep
D:4:      layout_rooms, marbit_many_paths, enter_ossuary_4, first_ration,
          uniq_sigmund
Ossuary:  ossuary_due_pyramid

Skill      XL: |  1  2  3  4  5  6 |
---------------+-------------------+-----
Polearms       | 2 3 4 |  4.1
Shields        | 3 4 |  4.0
Armour         | 3 |  3.7
Fighting       | 3 |  3.3
Dodging        | 1 2 |  2.3

Action                   |  1- 3 |  4- 6 || total
-------------------------+-------+-------++-------
Melee: Trident           |   195 |   268 ||   463
  Use: Scroll            |       |     4 ||     4
       Potion            |       |     2 ||     2
  Eat: Chunk             |     2 |     5 ||     7
       Ration            |       |     1 ||     1
Armor: Scale mail        |   101 |    78 ||   179
Dodge: Dodged            |    70 |    81 ||   151
Block: Shield            |   121 |   108 ||   229
